 Dungeon Crawl Stone Soup version 0.29.0-4-gdea44cf6ec (webtiles) character file.

Game seed: 10911183431289428841

7462 qw the Cleaver (level 11, -1/108 HPs)
             Began as a Gargoyle Berserker on Sept 6, 2022.
             Was an Elder of Trog.
             Slain by a naga
             ... wielding a +0 halberd
              (17 damage)
             ... on level 2 of the Lair of Beasts.
             The game lasted 00:03:30 (11197 turns).

qw the Cleaver (Gargoyle Berserker)                Turns: 11197, Time: 00:03:30

Health: -1/108     AC: 18    Str: 22 (24) XL:     11   Next: 15%
Magic:  11/11      EV:  7    Int:  6 (7)  God:    Trog [****..]
Gold:   523        SH:  0    Dex:  8 (9)  Spells: 10/10 levels left

rFire   + + .      SeeInvis .   Y - +0 broad axe (chaos)
rCold   x . .      Faith    .   (no shield)
rNeg    + . .      Spirit   .   s - +0 fire dragon scales
rPois   inf        Reflect  .   j - +1 hat
rElec   +          Harm     .   (no cloak)
rCorr   .          Rampage  .   (no gloves)
Will    .....                   (no boots)
Stlth   ..........              (no amulet)
HPRegen 0.28/turn               (no ring)
MPRegen 0.12/turn               (no ring)

@: berserking, constricted, quick
A: sickness immunity, AC +8, negative energy resistance 1, electricity
resistance, torment resistance 1, petrification resistance, weak 1
a: Renounce Religion, Berserk, Trog's Hand, Brothers in Arms


You were on level 2 of the Lair of Beasts.
You worshipped Trog.
Trog was greatly pleased with you.
You visited 2 branches of the dungeon, and saw 10 of its levels.

You collected 523 gold pieces.


Innate Abilities, Weirdness & Mutations

You are immune to sickness and miasma.
Your stone body is resilient. (AC +8)
You are immune to poison.
You resist negative energy. (rN+)
You are resistant to electric shocks. (rElec)
You are resistant to unholy torment.
You are immune to petrification.
You are weak. (Str -2)


   Skills:
 - Level 10.0 Fighting
 + Level 12.7 Axes
 - Level 1.3 Throwing
 - Level 5.0 Armour
 - Level 2.6 Dodging


You had 10 spell levels left.
You didn't know any spells.
Your spell library was empty.

Inventory:

Hand Weapons
 f - a +0 morningstar
 Y - a +0 broad axe of chaos (weapon)
Missiles
 d - 8 boomerangs (quivered)
Armour
 g - a +0 chain mail
 j - a +1 hat (worn)
 s - +0 fire dragon scales (worn)
Scrolls
 a - 4 scrolls of teleportation
 h - a scroll of identify
Potions
 b - 2 potions of haste
 c - a potion of might
 i - a potion of attraction {unknown}
 k - a potion of curing
 m - a potion of mutation

Dungeon Overview and Level Annotations

Branches:
Dungeon (8/15)             Temple (0/1) D:5            Lair (2/5) D:8
  Snake (0/4) Lair:2
  Swamp: Lair:2-3    Shoals: Lair:2-3

Altars:
Ashenzari
Cheibriados
Elyvilon
Fedhas
Hepliaklqana
Kikubaaqudgha
Trog
Uskayaw
Vehumet
Wu Jian
Xom
Yredelemnul
The Shining One


Message History

The naga spits poison at you.
The splash of poison hits you but does no damage.
You resist. The naga constricts you. The naga spits poison at you.
The splash of poison hits you but does no damage.
You resist.
You hit the naga. You burn the naga.
The naga is heavily wounded.
You hit the naga but do no damage. You drain the naga.
The naga hits you but does no damage. The naga constricts you.
The naga hits you but does no damage.
You hit the naga but do no damage.
The naga is heavily wounded.
You slash the naga! The naga hits you with a +0 battleaxe!
The naga constricts you. The naga hits you with a +0 war axe!
11193 ||| INVOKING Berserk.
A red film seems to cover your vision as you go berserk!
You feel yourself moving faster!
You feel mighty! The naga barely misses you. The naga constricts you.
The naga hits you with a +0 war axe!
Your unstable footing causes you to fumble your attack.
The naga hits you with a +0 battleaxe. The naga constricts you.
The naga barely misses you. The naga closely misses you.
Your unstable footing causes you to fumble your attack.
You barely miss the naga.
The naga is heavily wounded.
You slice the naga!!
You kill the naga!
Trog accepts your kill.
You hear a splash. x2
The naga hits you from afar with a +0 halberd!
The naga closely misses you. The naga constricts you.
You hit the naga. You freeze the naga.
The naga is severely wounded.
The naga spits poison at you.
The splash of poison hits you but does no damage.
You resist. The naga constricts you.
The naga hits you from afar with a +0 halberd!
You die...

....# .~ #...#
...~~~~~~~
#...###~~~~...~~
#...#~~~~~~...~~
#....#~~~~......
#....#~~~..!>.~. .
#..<###~~~......
#...#...#P#~~)N~...~
....>.......@N~...~~
.............~~~~~~~
.............P~~~~~.
..............~.....
...................!
.......#.#.###+###..
.##P....#### .
#.....


You could see 2 nagas.

Vanquished Creatures
  A rime drake (Lair:1)
  A cane toad (Lair:1)
  2 komodo dragons (Lair:1)
  A polar bear (Lair:1)
  A meliai (shapeshifter) (D:8)
  Grinder (D:4)
  3 wyverns (D:8)
  6 yaks (Lair:1)
  A basilisk (D:8)
  A naga (Lair:2)
  10 water moccasins
  Duvessa (D:7)
  A floating eye (shapeshifter) (D:6)
  2 sky beasts
  2 black bears (D:8)
  3 ice beasts
  2 ogres
  2 wolves (D:8)
  A necrophage (D:6)
  4 bullfrogs (Lair:1)
  A gnoll sergeant (D:8)
  2 scorpions
  Dowan (D:7)
  5 wights (D:8)
  6 killer bees
  2 howler monkeys (D:8)
  3 jellies
  5 hounds
  4 iguanas
  6 orc wizards
  A mummy (D:5)
  15 gnolls
  9 adders
  A shadow imp (D:6)
  2 white imps
  An ufetubus (D:4)
  2 worms (D:2)
  4 dart slugs
  28 orcs
  7 ball pythons
  9 endoplasms
  2 giant cockroaches
  5 goblins
  3 hobgoblins
  7 jackals
  4 quokkas
  3 bats
  3 frilled lizards
  A goblin zombie (D:5)
  13 kobolds
  A kobold zombie (D:5)
  7 rats
  A bush (D:8)
210 creatures vanquished.

Vanquished Creatures (others)
  A human (D:5)
  2 bushes (D:8)
  3 fungi
  26 plants (D:8)
32 creatures vanquished.

Grand Total: 242 creatures vanquished

Notes
Turn   | Place    | Note
-------+----------+-------------------------------------------
     0 | D:1      | qw the Gargoyle Berserker began the quest for the Orb.
     0 | D:1      | Reached XP level 1. HP: 14/14 MP: 1/1
     0 | D:1      | 0 ||| qw: Version: 0.1-a-107-g9ff403c
     0 | D:1      | 0 ||| qw: Game counter: 6145
     0 | D:1      | 0 ||| qw: Always use a shield: true
     0 | D:1      | 0 ||| qw: Do Orc after D:15 true
     0 | D:1      | 0 ||| qw: Do second Lair branch before Depths: true
     0 | D:1      | 0 ||| qw: Lair rune preference: random
     0 | D:1      | 0 ||| qw: Plans: Normal
     0 | D:1      | 0 ||| PLANNING D:1-11
    96 | D:1      | 96 ||| Stepping ~*~*~tactically~*~*~ (hiding).
    97 | D:1      | 97 ||| Stepping ~*~*~tactically~*~*~ (hiding).
   104 | D:1      | Reached skill level 3 in Axes
   233 | D:1      | Reached XP level 2. HP: 19/19 MP: 2/2
   414 | D:1      | 414 ||| INVOKING Berserk.
   417 | D:1      | HP: 6/28 [quokka (2)]
   706 | D:1      | 706 ||| Stepping ~*~*~tactically~*~*~ (hiding).
   808 | D:1      | 808 ||| Stepping ~*~*~tactically~*~*~ (hiding).
  1024 | D:1      | Reached XP level 3. HP: 21/23 MP: 3/3
  1062 | D:1      | Found a faded altar of an unknown god.
  1218 | D:1      | 1218 ||| Stepping ~*~*~tactically~*~*~ (stealth).
  1225 | D:1      | 1225 ||| Stepping ~*~*~tactically~*~*~ (stealth).
  1300 | D:1      | 1300 ||| Stepping ~*~*~tactically~*~*~ (stealth).
  1382 | D:1      | Reached ** piety under Trog
  1407 | D:1      | 1407 ||| UPGRADING to +0 scale mail.
  1417 | D:1      | 1417 ||| DROPPING +0 animal skin.
  1418 | D:1      | 1418 ||| READING 4 scrolls labelled MAENOIW JATROSUV.
  1421 | D:1      | 1421 ||| READING scroll labelled VAESHR YSHRORCHA.
  1422 | D:1      | 1422 ||| DRINKING 2 coppery potions.
  1453 | D:2      | 1453 ||| STAIRDANCE
  1475 | D:2      | Reached skill level 4 in Axes
  1522 | D:2      | 1522 ||| INVOKING Berserk.
  1931 | D:2      | 1931 ||| Stepping ~*~*~tactically~*~*~ (stealth).
  1932 | D:2      | 1932 ||| Stepping ~*~*~tactically~*~*~ (stealth).
  1946 | D:2      | 1946 ||| SWAPPING to +0 war axe.
  1950 | D:2      | Reached XP level 4. HP: 28/28 MP: 4/4
  1950 | D:2      | 1950 ||| DROPPING +0 hand axe.
  2035 | D:2      | 2035 ||| Stepping ~*~*~tactically~*~*~ (stealth).
  2037 | D:2      | 2037 ||| Stepping ~*~*~tactically~*~*~ (stealth).
  2145 | D:2      | 2145 ||| Stepping ~*~*~tactically~*~*~ (stealth).
  2178 | D:2      | 2178 ||| READING scroll labelled VUTABREYCE.
  2179 | D:2      | 2179 ||| READING scroll labelled SYELLENGOKK.
  2259 | D:3      | 2259 ||| Stepping ~*~*~tactically~*~*~ (stealth).
  2260 | D:3      | 2260 ||| Stepping ~*~*~tactically~*~*~ (stealth).
  2261 | D:3      | 2261 ||| Stepping ~*~*~tactically~*~*~ (stealth).
  2262 | D:3      | 2262 ||| Stepping ~*~*~tactically~*~*~ (stealth).
  2267 | D:3      | 2267 ||| Stepping ~*~*~tactically~*~*~ (stealth).
  2384 | D:3      | 2384 ||| DROPPING +0 mace.
  2457 | D:3      | 2457 ||| Stepping ~*~*~tactically~*~*~ (stealth).
  2458 | D:3      | 2458 ||| Stepping ~*~*~tactically~*~*~ (stealth).
  2461 | D:3      | 2461 ||| INVOKING Berserk.
  2467 | D:3      | Reached skill level 5 in Axes
  2467 | D:3      | Reached XP level 5. HP: 30/32 MP: 5/5
  2628 | D:3      | 2628 ||| Stepping ~*~*~tactically~*~*~ (hiding).
  2633 | D:3      | 2633 ||| INVOKING Berserk.
  2905 | D:3      | 2905 ||| UPGRADING to +0 fire dragon scales.
  2915 | D:3      | 2915 ||| DROPPING +0 scale mail.
  2916 | D:3      | 2916 ||| READING scroll labelled LEECRO IQAO.
  2917 | D:3      | 2917 ||| READING scroll labelled SAROTI TUYL.
  2918 | D:3      | 2918 ||| READING scroll labelled SYTIOPN VOCUPNUIBB.
  2919 | D:3      | 2919 ||| READING scroll labelled UWUCOPL HIHA.
  2920 | D:3      | 2920 ||| DRINKING 2 metallic brown potions.
  2921 | D:3      | 2921 ||| DRINKING 2 amethyst potions.
  2922 | D:3      | 2922 ||| DROPPING potion of flight.
  2965 | D:4      | 2965 ||| INVOKING Berserk.
  3053 | D:4      | 3053 ||| Stepping ~*~*~tactically~*~*~ (stealth).
  3054 | D:4      | 3054 ||| Stepping ~*~*~tactically~*~*~ (stealth).
  3134 | D:4      | Reached XP level 6. HP: 38/38 MP: 6/6
  3178 | D:4      | 3178 ||| INVOKING Berserk.
  3250 | D:4      | Noticed Grinder
  3251 | D:4      | 3251 ||| INVOKING Trog's Hand.
  3253 | D:4      | 3253 ||| INVOKING Berserk.
  3255 | D:4      | Killed Grinder
  3256 | D:4      | Reached skill level 6 in Axes
  3256 | D:4      | Reached XP level 7. HP: 43/43 MP: 7/7
  3556 | D:4      | 3556 ||| DROPPING +2 vorpal mace.
  3720 | D:4      | 3720 ||| Stepping ~*~*~tactically~*~*~ (stealth).
  3725 | D:4      | 3725 ||| DRINKING 2 potions of curing.
  3725 | D:4      | 3725 ||| (to cure confusion)
  3769 | D:4      | 3769 ||| Stepping ~*~*~tactically~*~*~ (stealth).
  3773 | D:4      | 3773 ||| Stepping ~*~*~tactically~*~*~ (hiding).
  3782 | D:4      | Reached skill level 7 in Axes
  3849 | D:4      | Reached *** piety under Trog
  3943 | D:4      | 3943 ||| Stepping ~*~*~tactically~*~*~ (stealth).
  3944 | D:4      | 3944 ||| Stepping ~*~*~tactically~*~*~ (hiding).
  3953 | D:4      | 3953 ||| Stepping ~*~*~tactically~*~*~ (stealth).
  4537 | D:4      | 4537 ||| DRINKING 2 fuming golden potions.
  4538 | D:4      | 4538 ||| READING 2 scrolls of identify.
  4538 | D:4      | 4538 ||| IDENTIFYING purple potion
  4539 | D:4      | 4539 ||| DROPPING potion of brilliance.
  4579 | D:5      | Entered Level 5 of the Dungeon
  4580 | D:5      | 4580 ||| PLANNING OSSUARY
  4582 | D:5      | 4582 ||| Stepping ~*~*~tactically~*~*~ (stealth).
  4588 | D:5      | 4588 ||| Stepping ~*~*~tactically~*~*~ (stealth).
  4589 | D:5      | 4589 ||| STAIRDANCE
  4620 | D:5      | 4620 ||| STAIRDANCE
  4622 | D:4      | 4622 ||| DRINKING potion of curing.
  4622 | D:4      | 4622 ||| (to cure confusion)
  4625 | D:4      | Reached skill level 1 in Throwing
  4629 | D:5      | 4629 ||| STAIRDANCE
  4634 | D:5      | 4634 ||| STAIRDANCE
  4639 | D:4      | 4639 ||| DROPPING +0 flail.
  4643 | D:5      | 4643 ||| STAIRDANCE
  4653 | D:5      | 4653 ||| STAIRDANCE
  4658 | D:5      | 4658 ||| STAIRDANCE
  4667 | D:5      | Found a staircase to the Ecumenical Temple.
  4674 | D:5      | 4674 ||| Stepping ~*~*~tactically~*~*~ (stealth).
  4676 | D:5      | 4676 ||| Stepping ~*~*~tactically~*~*~ (hiding).
  4677 | D:5      | 4677 ||| Stepping ~*~*~tactically~*~*~ (hiding).
  4678 | D:5      | 4678 ||| Stepping ~*~*~tactically~*~*~ (stealth).
  4680 | D:5      | 4680 ||| Stepping ~*~*~tactically~*~*~ (stealth).
  4687 | D:5      | Reached XP level 8. HP: 47/49 MP: 8/8
  4724 | D:5      | 4724 ||| INVOKING Berserk.
  5052 | D:5      | Found an ancient bone altar of Kikubaaqudgha.
  5124 | D:5      | Reached skill level 8 in Axes
  5178 | D:5      | 5178 ||| RIP OSSUARY
  5183 | D:5      | 5183 ||| PLANNING D:1-11
  5474 | D:5      | 5474 ||| UPGRADING to +1 hat.
  5479 | D:5      | 5479 ||| DRINKING 2 lumpy silvery potions.
  5522 | D:5      | 5522 ||| DRINKING 2 smoky clear potions.
  5523 | D:5      | 5523 ||| READING 2 scrolls of identify.
  5523 | D:5      | 5523 ||| IDENTIFYING bubbling inky potion
  5524 | D:5      | 5524 ||| DROPPING potion of berserk rage.
  5525 | D:5      | 5525 ||| DROPPING potion of lignification.
  5526 | D:5      | 5526 ||| DROPPING potion of magic.
  5558 | D:6      | 5558 ||| Stepping ~*~*~tactically~*~*~ (stealth).
  5562 | D:6      | 5562 ||| Stepping ~*~*~tactically~*~*~ (stealth).
  5563 | D:6      | 5563 ||| Stepping ~*~*~tactically~*~*~ (stealth).
  5740 | D:6      | Reached skill level 6 in Fighting
  5748 | D:6      | 5748 ||| Stepping ~*~*~tactically~*~*~ (stealth).
  5749 | D:6      | 5749 ||| Stepping ~*~*~tactically~*~*~ (stealth).
  5750 | D:6      | 5750 ||| Stepping ~*~*~tactically~*~*~ (stealth).
  5751 | D:6      | 5751 ||| INVOKING Berserk.
  5888 | D:6      | 5888 ||| SWAPPING to +0 broad axe.
  5889 | D:6      | 5889 ||| DROPPING +0 spectral war axe.
  5890 | D:6      | 5890 ||| READING scroll of brand weapon.
  5890 | D:6      | 5890 ||| BRANDING +0 broad axe.
  5909 | D:6      | 5909 ||| Stepping ~*~*~tactically~*~*~ (hiding).
  5910 | D:6      | 5910 ||| Stepping ~*~*~tactically~*~*~ (hiding).
  6021 | D:6      | Found a radiant altar of Vehumet.
  6046 | D:6      | Noticed a glowing shapeshifter
  6046 | D:6      | an ice beast changed into a glowing shapeshifter
  6046 | D:6      | Noticed a sea snake
  6046 | D:6      | a glowing shapeshifter changed into a sea snake
  6051 | D:6      | Noticed a faun
  6051 | D:6      | a sea snake changed into a faun
  6051 | D:6      | Noticed a sea snake
  6051 | D:6      | a faun changed into a sea snake
  6054 | D:6      | a sea snake changed into a floating eye
  6322 | D:6      | Found a broken altar of Ashenzari.
  6417 | D:6      | Reached skill level 9 in Axes
  6417 | D:6      | Reached XP level 9. HP: 52/55 MP: 9/9
  6434 | D:6      | Found a white marble altar of Elyvilon.
  6434 | D:6      | Found a shimmering altar of Xom.
  6434 | D:6      | Found a blossoming altar of Fedhas.
  6434 | D:6      | Found a bloodstained altar of Trog.
  6441 | D:6      | Found a hazy altar of Hepliaklqana.
  6441 | D:6      | Found a snail-covered altar of Cheibriados.
  6507 | D:6      | 6507 ||| INVOKING Berserk.
  6706 | D:6      | 6706 ||| INVOKING Berserk.
  6971 | D:6      | 6971 ||| READING scroll labelled ZUET UTOLOOL.
  7042 | D:7      | Found a hide-covered altar of Uskayaw.
  7054 | D:7      | 7054 ||| Stepping ~*~*~tactically~*~*~ (stealth).
  7057 | D:7      | 7057 ||| Stepping ~*~*~tactically~*~*~ (hiding).
  7058 | D:7      | 7058 ||| Stepping ~*~*~tactically~*~*~ (hiding).
  7064 | D:7      | 7064 ||| Stepping ~*~*~tactically~*~*~ (hiding).
  7079 | D:7      | 7079 ||| DRINKING potion of curing.
  7079 | D:7      | 7079 ||| (to cure confusion)
  7128 | D:7      | Found an ornate altar of the Wu Jian Council.
  7158 | D:7      | Reached **** piety under Trog
  7220 | D:7      | 7220 ||| Stepping ~*~*~tactically~*~*~ (hiding).
  7251 | D:7      | 7251 ||| Stepping ~*~*~tactically~*~*~ (stealth).
  7281 | D:7      | Identified the +7 whip of Classification {elec, Int+2}
  7387 | D:7      | 7387 ||| Stepping ~*~*~tactically~*~*~ (stealth).
  7399 | D:7      | 7399 ||| INVOKING Berserk.
  7402 | D:7      | Reached skill level 10 in Axes
  7403 | D:7      | HP: 20/85 [something (2)]
  7405 | D:7      | HP: 9/85 [something (2)]
  7408 | D:7      | HP: 4/85 [something (1)]
  7730 | D:7      | Found a glowing golden altar of the Shining One.
  7759 | D:7      | Noticed Dowan
  7760 | D:7      | Noticed Duvessa
  7761 | D:7      | 7761 ||| INVOKING Berserk.
  7764 | D:7      | Killed Duvessa
  7773 | D:7      | Killed Dowan
  7892 | D:7      | 7892 ||| INVOKING Berserk.
  8176 | D:7      | 8176 ||| READING scroll labelled VECLOPT XIQUEF.
  8238 | D:7      | 8238 ||| DRINKING 2 smoky orange potions.
  8238 | D:7      | Gained mutation: You are weak. (Str -2) [potion of
                  | mutation]
  8239 | D:7      | 8239 ||| DRINKING 4 red potions.
  8240 | D:7      | 8240 ||| READING 2 scrolls of identify.
  8240 | D:7      | 8240 ||| IDENTIFYING metallic cyan potion
  8241 | D:7      | 8241 ||| DROPPING potion of ambrosia.
  8307 | D:8      | Found a basalt altar of Yredelemnul.
  8349 | D:8      | 8349 ||| INVOKING Berserk.
  8357 | D:8      | HP: 13/88 [wight/+1 long sword (12)]
  8365 | D:8      | 8365 ||| READING 5 scrolls of teleportation.
  8366 | D:8      | 8366 ||| DRINKING 3 potions of heal wounds.
  8535 | D:8      | 8535 ||| INVOKING Berserk.
  8581 | D:8      | 8581 ||| Stepping ~*~*~tactically~*~*~ (stealth).
  8585 | D:8      | Reached XP level 10. HP: 38/64 MP: 10/10
  8636 | D:8      | 8636 ||| FLEEEEING.
  8638 | D:8      | 8638 ||| STAIRDANCE
  8739 | D:8      | 8739 ||| DRINKING potion of curing.
  8739 | D:8      | 8739 ||| (to cure confusion)
  8751 | D:8      | Reached skill level 11 in Axes
  8950 | D:8      | Found a staircase to the Lair.
  8959 | D:8      | 8959 ||| INVOKING Berserk.
  8991 | D:8      | HP: 10/65 [wyvern (14)]
  8992 | D:8      | 8992 ||| READING 4 scrolls of teleportation.
  8992 | D:8      | HP: 4/65 [water moccasin (5)]
  8993 | D:8      | 8993 ||| DRINKING 2 potions of heal wounds.
  8994 | D:8      | 8994 ||| DRINKING potion of heal wounds.
  9027 | D:8      | Reached skill level 9 in Fighting
  9179 | D:8      | 9179 ||| Stepping ~*~*~tactically~*~*~ (hiding).
  9306 | D:8      | 9306 ||| FLEEEEING.
  9309 | D:8      | 9309 ||| FLEEEEING.
  9310 | D:8      | 9310 ||| FLEEEEING.
  9311 | D:8      | 9311 ||| FLEEEEING.
  9314 | D:8      | 9314 ||| FLEEEEING.
  9799 | D:8      | 9799 ||| Stepping ~*~*~tactically~*~*~ (stealth).
  9924 | D:8      | 9924 ||| PLANNING LAIR
  9924 | D:8      | 9924 ||| READING scroll labelled QIECINT SEYQIH.
  9970 | Lair:1   | Entered Level 1 of the Lair of Beasts
  9975 | Lair:1   | 9975 ||| INVOKING Berserk.
 10187 | Lair:1   | 10187 ||| INVOKING Berserk.
 10335 | Lair:1   | 10335 ||| INVOKING Berserk.
 10342 | Lair:1   | Reached skill level 12 in Axes
 10499 | Lair:1   | Noticed a cane toad
 10503 | Lair:1   | 10503 ||| INVOKING Berserk.
 10505 | Lair:1   | Killed a cane toad
 10657 | Lair:1   | 10657 ||| Stepping ~*~*~tactically~*~*~ (stealth).
 10679 | Lair:1   | Reached XP level 11. HP: 58/72 MP: 11/11
 10684 | Lair:1   | 10684 ||| INVOKING Berserk.
 10859 | Lair:1   | 10859 ||| Stepping ~*~*~tactically~*~*~ (hiding).
 11164 | Lair:1   | 11164 ||| DRINKING 2 silvery potions.
 11165 | Lair:1   | 11165 ||| DROPPING potion of degeneration.
 11183 | Lair:2   | Found a staircase to the Snake Pit.
 11193 | Lair:2   | 11193 ||| INVOKING Berserk.
 11196 | Lair:2   | HP: 24/108 [naga/+0 halberd (8)]
 11197 | Lair:2   | Slain by a naga

Levels and vault maps discovered:
D:1:      dpeg_arrival_tiny_j, layout_basic, hellmonk_ecumenical_altar_zigzags,
          nicolae_concentric_dashed_squares_wild
D:2:      layout_rooms, minmay_small_reverse_x
D:3:      layout_loops_ring
D:4:      wander_river, layout_layer_cave, uniq_grinder
D:5:      layout_basic, tgw_kikubaaqudgha, minmay_temple_entry_slanted,
          nicolae_ossuary_entry_giza, kennysheep_generic_room_7
D:6:      layout_loops_ring, mainiacjoe_overflow_boulevard,
          general_overflow_altar, minmay_overflow_temple_hex,
          minmay_diced_spiral
D:7:      layout_basic, lemuel_doored_altar, tso_altar,
          overflow_temple_1_default, minivault_27, uniq_duvessa
D:8:      layout_basic, overflow_temple_1_default, minmay_lair_entry_grove,
          kennysheep_generic_room_6
Lair:1:   layout_chaotic_city
Lair:2:   layout_regular_city, swamp_mist, guppyfry_snake_entry_island,
          portal_ice_cave_rime

Skill      XL: |  1  2  3  4  5  6  7  8  9 10 |
---------------+-------------------------------+-----
Axes           | 3 4 5 6 7 9 10 12 | 12.7
Fighting       | 4 5 6 8 10 | 10.0
Throwing       | 1 |  1.3
Armour         | 4 5 |  5.0
Dodging        | 2 |  2.6

Action                   |  1- 3 |  4- 6 |  7- 9 | 10-12 || total
-------------------------+-------+-------+-------+-------++-------
Melee: Hand axe          |   122 |       |       |       ||   122
       War axe           |     2 |    55 |    96 |       ||   153
       Broad axe         |       |       |   171 |   160 ||   331
       Punch             |       |       |     2 |     2 ||     4
Throw: Boomerang         |       |       |    23 |    41 ||    64
Invok: Berserk           |     2 |     5 |     9 |     7 ||    23
       Trog's Hand       |       |     1 |       |       ||     1
  Use: Scroll            |     2 |     6 |     7 |     2 ||    17
       Potion            |     1 |     2 |     9 |     4 ||    16
 Stab: Distracted        |       |     1 |     1 |       ||     2
Armor: Animal skin       |    35 |       |       |       ||    35
       Scale mail        |    17 |    16 |       |       ||    33
       Fire dragon scale |       |     7 |   155 |   129 ||   291
Dodge: Dodged            |    63 |    29 |   115 |    98 ||   305

Table legend:
 A = Non-vault XP
 B = Vault XP
 C = Vault XP percentage of total XP
 D = Non-vault monster count
 E = Vault monster count
 F = Vault count percentage of total count
                 A         B        C        D         E       F
            +---------+---------+-------+---------+---------+-------
      Total |    7224 |    3437 |  32.2 |     179 |      31 |  14.8
            +---------+---------+-------+---------+---------+-------
        D:1 |      50 |       0 |   0.0 |      29 |       0 |   0.0
        D:2 |      58 |       8 |  12.1 |      24 |       4 |  14.3
        D:3 |      80 |       0 |   0.0 |      10 |       0 |   0.0
        D:4 |     533 |     262 |  33.0 |      42 |       1 |   2.3
        D:5 |     475 |     152 |  24.2 |      10 |       5 |  33.3
        D:6 |     927 |     265 |  22.2 |      14 |       3 |  17.6
        D:7 |     779 |     219 |  21.9 |      18 |       2 |  10.0
        D:8 |     895 |    2371 |  72.6 |      16 |      15 |  48.4
     Lair:1 |    3427 |       0 |   0.0 |      16 |       0 |   0.0
     Lair:2 |       0 |     160 | 100.0 |       0 |       1 | 100.0
            +---------+---------+-------+---------+---------+-------
